Unix NetHack Version 3.7.0-102 Work-in-progress - last build Apr 6 2024 13:22:21 (d302a6a9ff6341f1a922d8f5af178406b35fdf99,branch:master). Game began 2024-04-30 14:01:28, ended 2024-04-30 14:03:35. radiology, chaotic male elven Wizard ----------- -------- |.........| |......| |.........-# |..:...-# |.........|## ------------ |......|# |..........#### |...........###### |......|# ---.------- ################|..........| #-......|## ## # #|........... ------.- #### ------- # #--------.-+- # # |..>..| # #########0 # #####|....^| -|--------- ### #### ### #......| |.........- ### ---.---|- |.....| |........(| #####-.------- |.......|###########......| |......0...##########|.......| ..SSS....# ------- |.........| #.......<| |.S@S...| ----------- #|.......| --------- --------- Radiology the Evoker St:11 Dx:14 Co:11 In:18 Wi:10 Ch:11 Chaotic S:83 Dlvl:1 $:5 HP:0(11) Pw:8(8) AC:6 Xp:1/7 T:203 Latest messages: The door opens. The newt bites! The newt bites! The newt bites! The kitten misses the newt. The kitten bites the newt. The newt is killed! That door is closed. This door is locked. This door is locked. This door is locked. This door is locked. You swap places with your kitten. This door is locked. This door is locked. In what direction? Thwack!! In what direction? Whammm!! In what direction? As you kick the door, it crashes open! You descend the stairs. You climb up the stairs. The kitten bites the lichen. The lichen is killed! The kitten picks up a pair of combat boots. The kitten drops a pair of combat boots. You see here a pair of combat boots. u - a pair of combat boots. What do you want to wear? [u or ?*] Suddenly, the kitten falls through a trap door. You finish your dressing maneuver. The door opens. # What do you want to dip? [a-u or ?*] Dip a blessed scroll of gold detection into the fountain? [yn] (n) Your scroll of gold detection fades. # What do you want to dip? [a-u or ?*] Dip an uncursed spellbook of detect monsters into the fountain? [yn] (n) Your spellbook of detect monsters fades. An endless stream of snakes pours forth! You can't write on the fountain! What do you want to read? [i-mq or ?*] As you read the scroll, it disappears. The water moccasin bites! The water moccasin bites! The water moccasin bites! You die... Do you want your possessions identified? [ynq] (y) Inventory: Coins $ - 5 gold pieces Weapons p - 8 +0 silver arrows (in quiver) a - a blessed +1 quarterstaff (weapon in hands) Armor u - a blessed +2 pair of jumping boots (being worn) b - a blessed +0 cloak of magic resistance (being worn) Comestibles t - an uncursed lichen corpse Scrolls i - a blessed scroll of blank paper j - an uncursed scroll of magic mapping Spellbooks m - an uncursed spellbook of blank paper q - an uncursed spellbook of confuse monster l - a blessed spellbook of force bolt Potions h - an uncursed potion of gain ability r - an uncursed potion of healing s - an uncursed potion of oil f - an uncursed potion of paralysis g - a blessed potion of speed Rings d - an uncursed +1 ring of adornment e - an uncursed ring of free action Wands c - a wand of fire (0:6) Tools o - an uncursed wooden flute n - a magic marker (0:21) Radiology the Wizard's attributes: Background: You were an Evoker, a level 1 male elven Wizard. You were chaotic, on a mission for Anhur who was opposed by Ptah (lawful) and Thoth (neutral). You were right-handed. You were in the Dungeons of Doom, on level 1. You entered the dungeon 203 turns ago. You had 7 experience points, 13 more were needed to attain level 2. Your score was 83 before end-of-game adjustments. Basics: You had 0 out of 11 hit points. You had all 8 energy points (spell power). Your armor class was 6. Your wallet contained 5 zorkmids. Autopickup was on for '$?!/(' plus thrown, with exceptions. Final Characteristics: Your strength was 11 (limit:18). Your dexterity was 14 (limit:18). Your constitution was 11 (limit:16). Your intelligence was 18 (limit:20). Your wisdom was 10 (limit:20). Your charisma was 11 (limit:18). Final Status: You weren't hungry. You were unencumbered. You were wielding a quarterstaff. You had basic skill with quarterstaff. Final Attributes: You were fervently aligned. You were magic-protected. You had infravision. You could jump. You were warded. You are dead. Miscellaneous: You never encountered a bones level. Total elapsed playing time was 2 minutes and 7 seconds. Major events: Turn 1: radiology the chaotic male elven Wizard entered the dungeon 203: declined to perform genocide 203: killed by a water moccasin Vanquished creatures: 3 grid bugs 2 lichens 3 newts 8 creatures vanquished. No species were genocided or became extinct. Voluntary challenges: You went without food. You were an atheist. You read items or engraved 3 times. You never engraved Elbereth. You never genocided any monsters. You never polymorphed an object. You never changed form. You used no wishes. The Dungeons of Doom: levels 1 to 2 Level 1: <- You were here. A fountain. Final resting place for you, killed by a water moccasin. Level 2: Game over: ---------- / \ / REST \ / IN \ / PEACE \ / \ | radiology | | 5 Au | | killed by a | | water moccasin | | | | | | 2024 | *| * * * | * _________)/\\_//(\/(/\)/\//\/|_)_______ Goodbye radiology the Wizard... You died in The Dungeons of Doom on dungeon level 1 with 83 points, and 5 pieces of gold, after 203 moves. You were level 1 with a maximum of 11 hit points when you died.